 Dungeon Crawl Stone Soup version bcrawl-1.14 (webtiles) character file.

Game seed: 10238337283880152342

18833 Revguard the Brawler (level 12, -3/132 HPs)
             Began as a Troll Berserker on Sept 6, 2019.
             Was an Elder of Trog.
             Killed from afar by a fire giant (27 damage)
             ... with a fireball
             ... on level 12 of the Dungeon.
             The game lasted 00:32:36 (8459 turns).

Revguard the Brawler (Troll Berserker)              Turns: 8459, Time: 00:32:36

Health: -3/132     AC: 10    Str: 28    XL:     12   Next: 31%
Magic:  9/9        EV: 33    Int:  4    God:    Trog [****..]
Gold:   671        SH:  0    Dex: 15    Spells: 11/11 levels left

rFire    . . .     SeeInvis .     - Unarmed
rCold    . . .     Gourm    +   (no shield)
rNeg     . . .     Faith    .   (armour unavailable)
rPois    +         Spirit   .   (helmet restricted)
rElec    .         Reflect  .   l - +0 cloak
rCorr    .         Harm     .   (gloves unavailable)
MR       +....                  (boots unavailable)
Stlth    +.........             j - amulet of the acrobat
HPRegen  1.12/turn              t - +4 ring of evasion
MPRegen  0.11/turn              x - ring of poison resistance

@: no status effects
A: large, almost no armour, unfitting armour, claws 3, agile 1, fast metabolism
3, gourmand, low mp 1, magic resistance 1, regeneration 2, robust 1, AC +9
a: Berserk, Trog's Hand, Brothers in Arms, Renounce Religion


You were on level 12 of the Dungeon.
You worshipped Trog.
Trog was greatly pleased with you.
You were completely stuffed.

You visited 2 branches of the dungeon, and saw 13 of its levels.

You collected 671 gold pieces.

Inventory:

Missiles
 g - 125 javelins
 w - 97 javelins of penetration
 D - 2 throwing nets {!f}
 E - 60 large rocks (quivered)
Armour
 l - a +0 cloak (worn)
Jewellery
 j - an amulet of the acrobat (around neck)
 t - a +4 ring of evasion (left claw)
 x - a ring of poison resistance (right claw)
Wands
 b - a wand of flame (82)
 f - a wand of disintegration (23)
 o - a wand of paralysis (6)
Scrolls
 c - 2 scrolls of enchant weapon
 e - 2 scrolls of identify
 h - 2 scrolls of teleportation
 m - a scroll of blinking
 n - 2 scrolls of remove curse
 s - 2 scrolls of magic mapping
 u - 3 scrolls of fog
 y - 2 scrolls of amnesia
Potions
 d - 2 potions of resistance
 i - a potion of cancellation
 k - 2 potions of haste
 p - a potion of flight
 q - 2 potions of curing
 r - 3 potions of magic
 v - a potion of invisibility
 A - a potion of ambrosia
 B - a potion of brilliance
 C - a potion of agility
Comestibles
 a - 28 rations {!d}


   Skills:
 * Level 8.2 Fighting
 + Level 3.8 Throwing
 + Level 7.8 Dodging
 + Level 15.0 Unarmed Combat


You had 11 spell levels left.
You didn't know any spells.
Your spell library was empty.

Dungeon Overview and Level Annotations

Branches:
Dungeon (12/12)            Temple (1/1) D:4            Lair (0/6) D:8
    Orc (0/1) D:11         Depths (0/5) D:12
 Vaults: D:11-12

Altars:
Ashenzari
Cheibriados
Dithmenos
Elyvilon
Fedhas
Gozag
Hepliaklqana
Kikubaaqudgha
Lugonu
Makhleb
Nemelex Xobeh
Okawaru
Qazlal
Ru
Sif Muna
Trog
Uskayaw
Vehumet
Wu Jian
Xom
Yredelemnul
Zin
The Shining One

Shops:
D:4 %   D:6 =   D:9 (


Innate Abilities, Weirdness & Mutations

You cannot wear most types of armour.
Your thick skin is tough. (AC +9)
You are too large for most types of armour.
You have claws for hands.
Your metabolism is lightning-fast.
You like to eat raw meat.
You heal very quickly.
You are agile. (Dex +2)
Your magical capacity is low. (-10% MP)
You are resistant to hostile enchantments. (MR+)
You are robust. (+10% HP)


Message History

What are your orders? t - Shout!
Orders for allies: a - Attack new target. r - Retreat! s - Stop attacking. g - Guard the area. f - Follow me.
Anything else - Cancel.
You shout for attention!
The fire giant gestures at you while chanting.
The fireball explodes!
The fireball engulfs you!
All of the chunks of flesh in your inventory have rotted away.
Found a blackened gold wand.
A hornet comes into view.
The fire giant points at you and mumbles some strange words.
The fireball explodes!
The fireball engulfs you!
* * * LOW HITPOINT WARNING * * *
The hornet moves out of view.
You see here 121 stones.
The fire giant gestures at you while chanting.
The fireball explodes!
The fireball engulfs you!
You die...

≈#≈..>..≈#≈...#
≈≈y.y§.§§§§...#..
≈≈≈≈..C§§§≈.../
≈.#§≈§≈≈#§≈.#
..§§§#≈§....#
..≈≈§≈≈≈≈..##
#.§.§§....##
##.§......(#
#.#######@# #.#
#.# #.# #.# #.#
#######.#
.......<#
.########


You could see a fire giant and a hornet.

Vanquished Creatures
  Harold (D:8)
  2 centaur warriors
  A two-headed ogre (D:7)
  3 skeletal warriors (D:10)
  3 cyclopes
  An obsidian statue (D:10)
  Pikel (D:7)
  Joseph (D:8)
  7 centaur skeletons
  2 kobold demonologists (D:10)
  A wolf spider simulacrum (D:11)
  2 trolls
  2 hornets
  2 hippogriffs
  A spriggan (D:7)
  2 wraiths
  6 yaks (D:10)
  Eustachio (D:5)
  2 hungry ghosts
  Menkaure (D:7)
  An acid dragon (D:11)
  2 wargs (D:8)
  A swamp drake (D:11)
  4 orc warriors
  A slave (D:7)
  4 sky beasts
  An eye of draining (D:8)
  4 ice beasts
  2 black bears
  3 phantoms
  3 centaurs
  6 ogres
  5 bullfrogs
  Blork the orc (D:5)
  A big kobold (D:9)
  A wyvern skeleton (D:7)
  4 scorpions
  6 killer bees (D:9)
  A howler monkey (D:4)
  3 crimson imps
  A bullfrog zombie (D:7)
  2 jellies
  3 centaur zombies
  6 hounds
  Crazy Yiuf (D:5)
  2 bullfrog skeletons
  2 gnoll shamans
  7 orc priests
  12 orc wizards
  4 iguanas
  10 worker ants
  2 hound zombies
  2 hound skeletons
  2 worker ant zombies
  Robin (D:2)
  10 gnolls
  12 adders
  2 adder skeletons
  An adder zombie (D:5)
  5 worms
  A dart slug (D:4)
  5 leopard geckos
  51 orcs
  4 giant cockroaches
  15 goblins
  8 hobgoblins
  8 jackals
  5 quokkas
  A ball python (D:3)
  A bat (D:3)
  4 frilled lizards
  22 kobolds
  6 rats
314 creatures vanquished.

Vanquished Creatures (collateral kills)
  2 skeletal warriors (D:10)
  A kobold demonologist (D:10)
  A hornet (D:10)
  A big kobold (D:10)
  A scorpion (D:10)
6 creatures vanquished.

Grand Total: 320 creatures vanquished

Notes
Turn   | Place    | Note
-------+----------+-------------------------------------------
     0 | D:1      | Revguard the Troll Berserker began the quest for the Orb.
     0 | D:1      | Reached XP level 1. HP: 22/22 MP: 0/0
   117 | D:1      | Reached XP level 2. HP: 22/29 MP: 1/1
   658 | D:2      | Reached XP level 3. HP: 27/36 MP: 2/2
   810 | D:2      | Noticed Robin
   827 | D:2      | Killed Robin
   828 | D:2      | Reached ** piety under Trog
   886 | D:2      | Gained mutation: You are covered in fur. (AC +1) [potion of
                  | mutation]
   886 | D:2      | Gained mutation: You are frail. (-10% HP) [potion of
                  | mutation]
   886 | D:2      | Gained mutation: You are agile. (Dex +2) [potion of
                  | mutation]
   886 | D:2      | Gained mutation: You are resistant to electric shocks.
                  | (rElec) [potion of mutation]
   919 | D:2      | Gained mutation: Your natural rate of healing is unusually
                  | fast. [Troll growth]
   919 | D:2      | Reached XP level 4. HP: 36/40 MP: 3/3
  1200 | D:3      | Noticed a sky beast
  1207 | D:3      | Killed a sky beast
  1207 | D:3      | Reached skill level 4 in Unarmed Combat
  1207 | D:3      | Reached XP level 5. HP: 47/47 MP: 4/4
  1344 | D:3      | Reached skill level 5 in Unarmed Combat
  1444 | D:3      | Reached XP level 6. HP: 54/54 MP: 5/5
  1512 | D:3      | Reached skill level 1 in Throwing
  1553 | D:3      | Reached *** piety under Trog
  1809 | D:3      | Noticed an ice beast
  1813 | D:3      | Killed an ice beast
  1813 | D:3      | Reached XP level 7. HP: 63/63 MP: 6/6
  1841 | D:3      | Reached skill level 6 in Unarmed Combat
  2041 | D:4      | Found Vysivve's Food Emporium.
  2318 | D:4      | Found a staircase to the Ecumenical Temple.
  2385 | Temple   | Entered the Ecumenical Temple
  2866 | D:5      | Entered Level 5 of the Dungeon
  2932 | D:5      | Reached skill level 7 in Unarmed Combat
  2964 | D:5      | Noticed Eustachio
  2973 | D:5      | Reached XP level 8. HP: 71/71 MP: 7/7
  2976 | D:5      | Killed Eustachio
  3099 | D:5      | Noticed Blork the orc
  3112 | D:5      | Killed Blork the orc
  3112 | D:5      | Reached skill level 8 in Unarmed Combat
  3256 | D:5      | Found a shimmering altar of Xom.
  3383 | D:5      | Found a stormy altar of Qazlal.
  3402 | D:5      | Reached **** piety under Trog
  3421 | D:5      | Lost mutation: You are resistant to electric shocks.
                  | (rElec) [potion of mutation]
  3421 | D:5      | Lost mutation: You are covered in fur. (AC +1) [potion of
                  | mutation]
  3421 | D:5      | Lost mutation: You are frail. (-10% HP) [potion of
                  | mutation]
  3421 | D:5      | Gained mutation: Your magical capacity is low. (-10% MP)
                  | [potion of mutation]
  3421 | D:5      | Gained mutation: You are robust. (+10% HP) [potion of
                  | mutation]
  3421 | D:5      | Gained mutation: You are resistant to hostile enchantments.
                  | (MR+) [potion of mutation]
  3481 | D:5      | Noticed a hippogriff
  3493 | D:5      | Killed a hippogriff
  3493 | D:5      | Reached skill level 5 in Fighting
  3721 | D:5      | Found a runed door.
  3850 | D:5      | Found a hide-covered altar of Uskayaw.
  3929 | D:5      | Noticed Crazy Yiuf
  3936 | D:5      | Killed Crazy Yiuf
  4066 | D:6      | Found Itsoular's Jewellery Shop.
  4069 | D:6      | Noticed a cyclops
  4087 | D:6      | Killed a cyclops
  4087 | D:6      | Reached skill level 9 in Unarmed Combat
  4087 | D:6      | Reached XP level 9. HP: 77/96 MP: 7/7
  4239 | D:6      | Reached skill level 5 in Dodging
  4239 | D:6      | Reached skill level 10 in Unarmed Combat
  4254 | D:6      | Found a hazy altar of Hepliaklqana.
  4587 | D:7      | Noticed a two-headed ogre
  4598 | D:7      | Killed a two-headed ogre
  4621 | D:7      | Noticed Pikel
  4629 | D:7      | Killed Pikel
  4629 | D:7      | Reached skill level 11 in Unarmed Combat
  4629 | D:7      | Reached XP level 10. HP: 99/107 MP: 8/8
  4823 | D:7      | Found a blossoming altar of Fedhas.
  4825 | D:7      | Found an ancient bone altar of Kikubaaqudgha.
  4927 | D:7      | Noticed Menkaure
  4932 | D:7      | Killed Menkaure
  5086 | D:7      | Identified a scroll of acquirement
  5202 | D:8      | Noticed Joseph
  5202 | D:8      | Noticed a cyclops
  5208 | D:8      | Killed Joseph
  5215 | D:8      | Killed a cyclops
  5215 | D:8      | Reached skill level 12 in Unarmed Combat
  5500 | D:8      | Noticed a centaur warrior
  5515 | D:8      | Killed a centaur warrior
  5562 | D:8      | HP: 2/165 [orc warrior/+0 glaive (23)]
  5717 | D:8      | Found a staircase to the Lair.
  5723 | D:8      | Reached XP level 11. HP: 117/117 MP: 8/8
  5943 | D:8      | Found a sparkling altar of Nemelex Xobeh.
  5944 | D:8      | Noticed Harold
  5954 | D:8      | Killed Harold
  5954 | D:8      | Reached skill level 13 in Unarmed Combat
  6224 | D:9      | Found Uhaim's Antique Weapon Boutique.
  6233 | D:9      | Noticed a centaur warrior
  6239 | D:9      | Killed a centaur warrior
  6292 | D:9      | Found a radiant altar of Vehumet.
  6306 | D:9      | Found an iron altar of Okawaru.
  6693 | D:9      | Found a sparkling altar of Nemelex Xobeh.
  6785 | D:9      | Found a glowing golden altar of the Shining One.
  6815 | D:9      | Reached ***** piety under Trog
  6966 | D:10     | Entered Level 10 of the Dungeon
  7064 | D:10     | Reached skill level 14 in Unarmed Combat
  7108 | D:10     | Noticed an obsidian statue
  7123 | D:10     | Killed an obsidian statue
  7208 | D:10     | Noticed a skeletal warrior
  7209 | D:10     | Noticed a skeletal warrior
  7210 | D:10     | Noticed a skeletal warrior
  7210 | D:10     | Noticed a skeletal warrior
  7211 | D:10     | Noticed a skeletal warrior
  7230 | D:10     | Killed a skeletal warrior
  7235 | D:10     | Killed a skeletal warrior
  7241 | D:10     | Killed a skeletal warrior
  7241 | D:10     | Gained mutation: You heal very quickly. [Troll growth]
  7241 | D:10     | Reached XP level 12. HP: 130/130 MP: 9/9
  7252 | D:10     | HP: 3/130 [skeletal warrior/+0 trident[a skeletal warrior]
                  | (5)]
  8068 | D:11     | Reached skill level 15 in Unarmed Combat
  8189 | D:11     | Found a staircase to the Orcish Mines.
  8427 | D:12     | Entered Level 12 of the Dungeon
  8438 | D:12     | Found a staircase to the Depths.
  8438 | D:12     | Noticed a fire giant
  8459 | D:12     | Killed from afar by a fire giant

Skill      XL: |  1  2  3  4  5  6  7  8  9 10 11 12 |
---------------+-------------------------------------+-----
Fighting       | 3 4 5 6 7 8 |  8.2
Dodging        | 3 4 5 6 7 |  7.8
Unarmed Combat | 4 5 7 9 11 12 14 15 | 15.0
Throwing       | 1 2 3 |  3.8

Action                   |  1- 3 |  4- 6 |  7- 9 | 10-12 || total
-------------------------+-------+-------+-------+-------++-------
Melee: Unarmed           |   103 |   124 |   236 |   416 ||   879
       Punch             |       |     3 |     8 |    34 ||    45
Throw: Javelin           |       |    18 |    18 |    18 ||    54
       Large rock        |       |       |       |     4 ||     4
Invok: Berserk           |     2 |     1 |     5 |     8 ||    16
       Trog's Hand       |       |       |     4 |     8 ||    12
       Brothers in Arms  |       |       |       |     3 ||     3
  Use: Potion            |     6 |       |     2 |     1 ||     9
       Scroll            |     3 |       |     7 |    11 ||    21
 Stab: Sleeping          |     1 |       |       |     1 ||     2
       Confused          |       |       |       |     2 ||     2
  Eat: Chunk             |    13 |     7 |    26 |    35 ||    81
Armor: Skin              |    24 |    41 |    69 |    80 ||   214
Dodge: Dodged            |    43 |    65 |   142 |   429 ||   679
